 Dungeon Crawl Stone Soup version 0.25.0-1-g7eea58d (webtiles) character file.

Game seed: 10339545969019625889

155 GeorgeSoros the Sneak (level 5, -3/24 HPs)
             Began as a Spriggan Enchanter on June 20, 2020.
             Killed by divine providence
             ... invoked by an orc priest
              (11 damage)
             ... on level 3 of the Dungeon.
             The game lasted 00:14:31 (5316 turns).

GeorgeSoros the Sneak (Spriggan Enchanter)          Turns: 5316, Time: 00:14:31

Health: -3/24      AC:  2    Str:  5    XL:     5   Next: 14%
Magic:  6/10       EV: 35    Int: 16    God:
Gold:   35         SH:  0    Dex: 17    Spells: 7/10 levels left

rFire    . . .     SeeInvis +   a - +2 dagger
rCold    . . .     Gourm    .   (shield restricted)
rNeg     . . .     Faith    .   b - +0 robe
rPois    .         Spirit   .   (helmet restricted)
rElec    .         Reflect  .   (no cloak)
rCorr    .         Harm     .   (gloves unavailable)
MR       .....                  (boots unavailable)
Stlth    +++.......             h - amulet of the acrobat
HPRegen  0.08/turn              (no ring)
MPRegen  0.12/turn              (no ring)

@: acrobat, very quick
A: very small, unfitting armour, see invisible, herbivore, speed 3, slow
metabolism 2
a: no special abilities


You were on level 3 of the Dungeon.
You were not hungry.

You visited 1 branch of the dungeon, and saw 3 of its levels.

You collected 35 gold pieces.

Inventory:

Hand Weapons
 a - a +2 dagger (weapon)
Missiles
 c - 123 stones (quivered)
Armour
 b - a +0 robe (worn)
Jewellery
 h - an amulet of the acrobat (around neck)
Wands
 f - a wand of clouds (3)
Scrolls
 k - a scroll of enchant weapon
Potions
 g - 2 potions of lignification
 i - a potion of curing
 j - 2 potions of brilliance
Comestibles
 d - 2 rations


   Skills:
 + Level 2.8 Short Blades
 + Level 4.6 Dodging
 + Level 5.9 Stealth
 - Level 3.0 Spellcasting
 + Level 4.6 Hexes


You had 7 spell levels left.
You knew the following spells:

 Your Spells              Type           Power        Failure   Level  Hunger
a - Corona                Hex            ###....      2%          1    #......
b - Ensorcelled Hibernat  Hex/Ice        #.....       11%         2    ##.....

Your spell library contained the following spells:

 Spells                   Type           Power        Failure   Level  Hunger
 Confusing Touch          Hex            ###.....     9%          3    ###....
 Tukima's Dance           Hex            ###.....     9%          3    ###....
 Dazzling Flash           Conj/Hex       #.....       22%         3    ###....


Dungeon Overview and Level Annotations

Branches:
Dungeon (3/15)

Altars:

Annotations:
D:3 1 runed translucent door, MrDizzy's ghost, amateur GrFi


Innate Abilities, Weirdness & Mutations

You are very small and have problems with some larger weapons.
You are too small for most types of armour.
You have supernaturally acute eyesight. (SInv)
You are a herbivore.
You cover ground extremely quickly.
You need to consume almost no food.


Message History

Confirm with . or Enter, or press ? or * to list all spells.
Aiming: Ensorcelled Hibernation (safe; 11% risk of failure)
Press: ? - help, Shift-Dir - straight line, f - orc priest
Aim: an orc priest, wielding a +0 dagger (chance to defeat MR: 40%)
The orc priest resists with some effort.
Casting: Ensorcelled Hibernation (safe; 11% risk of failure)
Confirm with . or Enter, or press ? or * to list all spells.
Aiming: Ensorcelled Hibernation (safe; 11% risk of failure)
Press: ? - help, Shift-Dir - straight line, f/p - orc priest
Aim: an orc priest, wielding a +0 dagger (chance to defeat MR: 40%)
The orc priest looks drowsy...
The orc priest shouts!
The orc priest invokes the aid of Beogh against you.
Beogh smites you!
Ouch! That really hurt!
You are too injured to fight recklessly!
You are too injured to fight recklessly!
The orc priest mumbles some strange prayers to Beogh against you.
Beogh smites you!
You die...

#.# #.# #.# #.# ####### #.#
#....>. ##.###### #.####.
###...#...# #.# #.
#.......#.####.####.
#.#@..#...........#.
...##.####..###.##.#. .## #.#
##.#......#. . #.# #...###..#.
##'## ##..##⌠##...
##.o.###..##...##.. # ###
##.....##†##..%..##. #.##.##
##.......#.#W..♣...+.
###.#...####..........##..!..##.


You could see an orc priest.

Vanquished Creatures
  An orc priest (D:3)
  Robin (D:2)
  2 adders
  An ooze (D:1)
  4 dart slugs
  6 bats
  3 giant cockroaches
  18 goblins
  14 hobgoblins
  4 jackals (D:2)
  3 quokkas (D:2)
  A ball python (D:1)
  6 frilled lizards
  6 kobolds
  10 rats
80 creatures vanquished.

Notes
Turn   | Place    | Note
-------+----------+-------------------------------------------
     0 | D:1      | GeorgeSoros the Spriggan Enchanter began the quest for the
                  | Orb.
     0 | D:1      | Reached XP level 1. HP: 9/9 MP: 5/5
   334 | D:1      | Reached XP level 2. HP: 13/13 MP: 4/6
   338 | D:1      | Learned a level 2 spell: Ensorcelled Hibernation
   799 | D:1      | Reached skill level 5 in Stealth
   799 | D:1      | Reached XP level 3. HP: 15/16 MP: 8/8
  2964 | D:2      | Reached XP level 4. HP: 17/21 MP: 0/9
  3081 | D:2      | Noticed Robin
  3458 | D:2      | Killed Robin
  4476 | D:3      | Noticed MrDizzy's ghost (amateur GrFi)
  4478 | D:3      | Found a runed translucent door.
  5137 | D:3      | Reached XP level 5. HP: 24/24 MP: 7/10
  5316 | D:3      | Killed from afar by an orc priest

Illustrated notes

Levels and vault maps discovered:
D:1:      minmay_arrival_loop, layout_loops_ring
D:2:      layout_loops_ring, minmay_tiny_reverse_x, uniq_robin
D:3:      layout_loops_corners, first_ration, hellmonk_ghost_happy_afterlife

Skill      XL: |  1  2  3 |
---------------+----------+-----
Spellcasting   | 3 |  3.0
Hexes          | 4 |  4.6
Stealth        | 5 |  5.9
Short Blades   | 2 |  2.8
Dodging        | 4 |  4.6

Action                   |  1- 3 |  4- 6 || total
-------------------------+-------+-------++-------
Melee: Dagger            |   230 |    96 ||   326
Throw: Stone             |     1 |     3 ||     4
 Cast: Corona            |    13 |     4 ||    17
       Ensorcelled Hiber |    14 |     5 ||    19
  Use: Scroll            |     5 |     3 ||     8
 Stab: Sleeping          |    16 |     9 ||    25
       Distracted        |       |     1 ||     1
  Eat: Ration            |     1 |     1 ||     2
Armor: Robe              |    17 |     4 ||    21
Dodge: Dodged            |   146 |    62 ||   208
